 Dungeon Crawl Stone Soup version 0.30-a0-721-ga6a225cb13 (webtiles) character file.

Game seed: 10130656196936776097

17 kae the Insei (level 2, 21/21 HPs)
             Began as a Demonspawn Transmuter on Jan 27, 2023.
             Was a Follower of Sif Muna.
             Quit the game on level 1 of the Dungeon.
             The game lasted 00:00:33 (555 turns).

kae the Insei (Demonspawn Transmuter)                Turns: 555, Time: 00:00:33

Health: 21/21      AC:  2    Str: 10    XL:     2   Next: 44%
Magic:  5/5        EV: 12    Int: 16    God:    Sif Muna [*.....]
Gold:   72         SH:  0    Dex: 13    Spells: 4/5 levels left

rFire   . . .      SeeInvis .      - Unarmed
rCold   . . .      Faith    .    (no shield)
rNeg    . . .      Spirit   .    a - +0 robe
rPois   .          Reflect  .    (no helmet)
rElec   .          Harm     .    (no cloak)
rCorr   .          Rampage  .    (no gloves)
Will    .....                    (no boots)
Stlth   +                        (no amulet)
HPRegen 0.23/turn                (no ring)
MPRegen 0.09/turn                (no ring)

@: no status effects
A: big brain 1
a: Renounce Religion, Channel Magic


You were on level 1 of the Dungeon.
You worshipped Sif Muna.
Sif Muna was aware of your devotion.
You visited 1 branch of the dungeon, and saw 1 of its levels.

You collected 72 gold pieces.


Innate Abilities, Weirdness & Mutations

You have an unusually large brain. (Int +2)


   Skills:
 - Level 1.0 Fighting
 - Level 1.7 Dodging
 + Level 2.9 Unarmed Combat
 + Level 2.2 Spellcasting
 * Level 2.3 Transmutations


You had 4 spell levels left.
You knew the following spells:

 Your Spells              Type           Power      Damage    Failure   Level
a - Beastly Appendage     Tmut           18%        N/A       8%          1

Your spell library contained the following spells:

 Spells                   Type           Power      Damage    Failure   Level
 Wereblood                Tmut           9%         N/A       12%         2
 Spider Form              Tmut/Pois      5%         N/A       36%         3
 Ice Form                 Ice/Tmut       5%         N/A       77%         4

Inventory:

Missiles
 h - 3 poisoned darts
Armour
 a - a +0 robe (worn)
Scrolls
 c - a scroll of butterflies {unknown}
 f - a scroll of vulnerability {unknown}
Potions
 b - a potion of lignification {!q}
 d - a potion of might {unknown}
 e - a potion of heal wounds {unknown}
 g - a potion of curing {unknown}

Dungeon Overview and Level Annotations

Branches:
Dungeon (1/15) Zot: 5447

Altars:
Sif Muna

..............#..........##......
..............#..........##......
..............#..........##......
#######.......#..........##......
#.......#..........##......
###.###............##...... #.#
#.##.##.#.#####.##### #.#
#.#...#.#.# #.# #...@...).# #.#
#.#...#..## #.# #.##.##.## #.#
#.......# #.# ###.#.### #.# #...#
#.# #.### #.# #.# #.#####.#


There were no monsters in sight!


Message History

The ball python constricts you.
You closely miss the ball python. You headbutt the ball python.
You kill the ball python!
No target in view!
No target in view!
No target in view!
No target in view!
You see here a ball python corpse.
Your transformation is almost over.
Your horns disappear.
Your talons disappear.
You open the door.
There is an open door here.
A dart slug comes into view. 😎 HP[+1] MP[+1]
Your hp is fully restored (21).
Your mp is fully restored (5).
A dart slug is nearby!
Unknown command.
A dart slug is nearby!
A dart slug is nearby!
Casting: Beastly Appendage (safe; 9% risk of failure)
Confirm with . or Enter, or press ? or * to list all spells.
You miscast Beastly Appendage.
You are very lightly contaminated with residual magic.
Nothing appears to happen.
The dart slug launches a dart at you. The slug dart misses you. 😎 MP[-1]
You lost 1 mp, and now have 4/5 mp.
Casting: Beastly Appendage (safe; 9% risk of failure)
Confirm with . or Enter, or press ? or * to list all spells.
You grow a pair of large bovine horns.
Your feet morph into talons.
The dart slug launches a dart at you. The slug dart hits you. 😕 HP[-4] MP[-1]
You take 4 damage, and now have 17/21 hp.
You lost 1 mp, and now have 3/5 mp.
You hit the dart slug. You claw the dart slug.
You kill the dart slug! 😕 HP[+1] No target in view!
No target in view!
No target in view!
No target in view!
Your magical contamination has completely faded away.
Unknown command.
Your transformation is almost over.
You see here a dart slug corpse.
h - 3 poisoned darts Your horns disappear.
Your talons disappear.
A frilled lizard comes into view. 😎 HP[+3] MP[+2]
Your hp is fully restored (21).
Your mp is fully restored (5).
A frilled lizard is nearby!
A frilled lizard is nearby!
A frilled lizard is nearby!
Casting: Beastly Appendage (safe; 8% risk of failure)
Confirm with . or Enter, or press ? or * to list all spells.
You grow a pair of large bovine horns.
Your feet morph into talons.
The frilled lizard hisses angrily. 😎 MP[-1]
You lost 1 mp, and now have 4/5 mp.
Found a faded altar of an unknown god.
You barely miss the frilled lizard.
Your headbutt misses the frilled lizard.
The frilled lizard barely misses you.
You hit the frilled lizard.
You kill the frilled lizard!
No target in view!
You now have 72 gold pieces (gained 10).
Your transformation is almost over.
Your horns disappear.
Your talons disappear.
A goblin comes into view. It is wielding a +0 dagger.
The goblin shouts!
The goblin moves out of view. 😎 MP[+1]
Your mp is fully restored (5).
Casting: Beastly Appendage (safe; 8% risk of failure)
Confirm with . or Enter, or press ? or * to list all spells.
You grow a pair of large bovine horns.
Your feet morph into talons. 😎 MP[-1]
You lost 1 mp, and now have 4/5 mp.
The goblin barely misses you.
You hit the goblin. The goblin closely misses you.
You hit the goblin.
You kill the goblin!
No target in view!
No target in view!
No target in view!
Your transformation is almost over.
Your horns disappear.
Your talons disappear.
There is a faded altar of an unknown god here. 😎 MP[+1]
Your mp is fully restored (5).
This altar belongs to (a) Sif Muna, (b) Hepliaklqana or (c) Okawaru, but you can't tell which.
Press the corresponding letter to learn more about a god, or press enter to convert or escape to cancel.
Okay, then.
This altar belongs to (a) Sif Muna, (b) Hepliaklqana or (c) Okawaru, but you can't tell which.
Press the corresponding letter to learn more about a god, or press enter to convert or escape to cancel.
Sif Muna accepts your prayer! Sif Muna welcomes you!
You can now call upon Sif Muna for magical energy.
Are you sure you want to abandon this character and quit the game? (Confirm with "yes".)

Skill      XL: |  1 |
---------------+----+-----
Transmutations | 2 |  2.3
Fighting       | |  1.0
Dodging        | |  1.7
Unarmed Combat | |  2.9
Spellcasting   | |  2.2

Action                     || total
---------------------------++-------
  Melee: Unarmed           ||    38
         Kick              ||     9
         Headbutt          ||     3
   Cast: Beastly Appendage ||     9
 Armour: Robe              ||     5
  Dodge: Dodged            ||    29

Levels and vault maps discovered:
D:1:      minmay_arrival_plants_in_alcoves, layout_basic,
          ebering_ecumenical_altar_box, bh_walls_and_bars

Notes
Turn   | Place    | Note
-------+----------+-------------------------------------------
     0 | D:1      | kae the Demonspawn Transmuter began the quest for the Orb.
     0 | D:1      | Reached XP level 1. HP: 15/15 MP: 3/3
     0 | D:1      | magus.rc [v1.11.3]
    85 | D:1      | Reached skill level 2 in Transmutations
    90 | D:1      | Gained mutation: You have an unusually large brain. (Int
                  | +2) [demonic ancestry]
    90 | D:1      | Reached XP level 2. HP: 10/21 MP: 3/5
   473 | D:1      | Found a faded altar of an unknown god.
   554 | D:1      | Prayed at the altar of an unknown god.
   554 | D:1      | Became a worshipper of Sif Muna the Loreminder
   554 | D:1      | Reached * piety under Sif Muna
   555 | D:1      | Quit the game

Vanquished Creatures
  2 dart slugs (D:1)
  A giant cockroach (D:1)
  A goblin (D:1)
  2 hobgoblins (D:1)
  3 jackals (D:1)
  2 ball pythons (D:1)
  A frilled lizard (D:1)
12 creatures vanquished.

Table legend:
 A = Non-vault XP
 B = Vault XP
 C = Vault XP percentage of total XP
 D = Non-vault monster count
 E = Vault monster count
 F = Vault count percentage of total count
                 A         B        C        D         E       F
            +---------+---------+-------+---------+---------+-------
      Total |      25 |       0 |   0.0 |      12 |       0 |   0.0
            +---------+---------+-------+---------+---------+-------
        D:1 |      25 |       0 |   0.0 |      12 |       0 |   0.0
            +---------+---------+-------+---------+---------+-------

Illustrated notes

Table legend:
 A = Kills in this place as a percentage of kills in entire the game.
 B = Kills by you in this place as a percentage of kills by you in the entire game.
 C = Kills by friends in this place as a percentage of kills by friends in the entire game.
 D = Other kills in this place as a percentage of other kills in the entire game.
 E = Experience gained in this place as a percentage of experience gained in the entire game.
 F = Experience gained in this place divided by the number of levels of this place that you have seen.
                   A       B       C       D       E      F
               +-------+-------+-------+-------+-------+----------------------
         Total | 100.0 | 100.0 |   N/A |   N/A | 100.0 |  25.0
       Dungeon | 100.0 | 100.0 |   N/A |   N/A | 100.0 |  25.0
               +-------+-------+-------+-------+-------+----------------------

Table legend: (Time is in decaauts)
 A = Elapsed time spent in this place.
 B = Non-inter-level travel time spent in this place.
 C = Inter-level travel time spent in this place.
 D = Time resting spent in this place.
 E = Time spent auto-exploring this place.
 F = Levels seen in this place.
 G = Mean time per level.
                   A        B        C        D        E       F      G
               +--------+--------+--------+--------+--------+-----+--------+
         Total |    553 |    533 |     20 |      0 |    440 |   1 |  553.0 |
       Dungeon |    553 |    533 |     20 |      0 |    440 |   1 |  553.0 |
               +--------+--------+--------+--------+--------+-----+--------+

Top non-repeatable levels by time:
     D:1: 553 daAuts
